 Dungeon Crawl Stone Soup version 0.20-a0-443-g0464b71 (webtiles) character file.

281599 Gorice the Tortoise (level 20, -7/178 HPs)
             Began as a Demonspawn Arcane Marksman on Jan 4, 2017.
             Was the Champion of Okawaru (penitent).
             Mangled by a vault warden
             ... wielding a +0 dire flail of holy wrath
              (24 damage)
             ... on level 3 of the Vaults on Jan 6, 2017.
             The game lasted 06:54:36 (60059 turns).

Gorice the Tortoise (Demonspawn Arcane Marksman)   Turns: 60059, Time: 06:54:37

Health: -7/178     AC: 29    Str: 19    XL:     20   Next: 8%
Magic:  26/26      EV: 19    Int: 21    God:    Okawaru [*]
Gold:   2508       SH:  0    Dex: 20    Spells: 21/21 levels left

rFire  . . .     SeeInvis .     a - +5 great mace of Heart {flame, rElec Str+2 Dex+3}
rCold  + + .     Gourm    .     v - +0 shadow dragon scales
rNeg   + . .     Faith    +     (shield currently unavailable)
rPois  .         Spirit   .     (helmet unavailable)
rElec  +         Reflect  .     e - +1 cloak {MR+}
rCorr  .         Harm     .     c - +2 pair of gloves of the Spider Nest {rN+}
MR     +++..                    V - +0 pair of boots of the Spheres {Dex+3}
Stlth  +.........               t - amulet of faith {!P}
                                m - ring of protection from magic
                                P - ring "Horrueb" {rC+ AC+4 Int+4}

@: liquid flames, very slightly contaminated, hasted, glowing, drained, very
quick
A: horns 3, cold resistance 1, demonic guardian 3, robust 1, freezing cloud
immunity, sturdy frame 2
}: 1/15 runes: serpentine
a: Renounce Religion


You were on level 3 of the Vaults.
You worshipped Okawaru.
Okawaru was demanding penance.
You were not hungry.

You visited 7 branches of the dungeon, and saw 35 of its levels.
You also visited: Labyrinth and Ice Cave.

You collected 4510 gold pieces.
You spent 2002 gold pieces at shops.

Inventory:

Hand Weapons
 a - the +5 great mace of Heart (weapon) {flame, rElec Str+2 Dex+3}
   (Okawaru gifted it to you on level 4 of the Lair of Beasts)

   It has been specially enchanted to burn those struck by it, causing extra
   injury to most foes and up to half again as much damage against particularly
   susceptible opponents.
   It affects your strength (+2).
   It affects your dexterity (+3).
   It insulates you from electricity.
 A - a +4 great mace
 B - a +0 blowgun
 J - a +5 demon whip of flaming
   (You took it off a hell knight on level 3 of the Vaults)
Missiles
 r - 18 curare-tipped needles
 y - 6 poisoned javelins (quivered)
 X - 3 javelins of penetration
 Y - 6 throwing nets
Armour
 c - the +2 pair of gloves of the Spider Nest (worn) {rN+}
   (Okawaru gifted it to you on level 2 of the Orcish Mines)

   It protects you from negative energy.
 e - a +1 cloak of magic resistance (worn)
   (Okawaru gifted it to you on level 2 of the Vaults)
 v - +0 shadow dragon scales (worn)
 x - a +3 plate armour
 K - a +3 chain mail
 V - the +0 pair of boots of the Spheres (worn) {Dex+3}
   (Okawaru gifted it to you on level 15 of the Dungeon)

   It affects your dexterity (+3).
Jewellery
 i - an uncursed ring of see invisible
 m - a ring of protection from magic (right hand)
 s - the ring "Wuolluwe" {rF+ Slay+5}
   (You bought it in a shop on level 10 of the Dungeon)

   [ring of protection from fire]

   It affects your accuracy and damage with ranged weapons and melee attacks
   (+5).
   It protects you from fire.
 t - an amulet of faith (around neck) {!P}
 C - an uncursed ring of resist corrosion
 P - the ring "Horrueb" (left hand) {rC+ AC+4 Int+4}
   (You bought it in a shop on level 10 of the Dungeon)

   [ring of protection]

   It affects your AC (+4).
   It affects your intelligence (+4).
   It protects you from cold.
Wands
 p - a wand of confusion (28/48)
 q - a wand of iceblast (3/15)
 u - a wand of paralysis (14/24)
 w - a wand of paralysis (9/24)
 z - a wand of iceblast (0/15)
 T - a wand of digging (13/24)
 Z - a wand of disintegration (17/24)
Scrolls
 f - 3 scrolls of fog
 g - 9 scrolls of remove curse
 h - a scroll of blinking
 D - 12 scrolls of identify
 I - 3 scrolls of fear {!r}
 M - a scroll of acquirement {!r}
Potions
 d - 6 potions of might {!q}
 j - 4 potions of resistance {!q}
 o - 5 potions of agility {!q}
 E - 3 potions of lignification {!q}
 F - a potion of flight
 H - 5 potions of curing
 O - 2 potions of ambrosia
 U - a potion of berserk rage
 W - a potion of cancellation {!q}
Miscellaneous
 L - a lightning rod (4/4) {!a}
Comestibles
 b - 8 royal jellies
 n - 21 fruits
 G - 31 chunks of flesh


   Skills:
 - Level 15.0(14.8) Fighting
   Level 5.1(11.6) Axes
 - Level 15.9(16.0) Maces & Flails
 - Level 10.6(10.5) Throwing
 - Level 16.0(15.9) Armour
 + Level 15.0(14.9) Dodging
 - Level 1.0(0.9) Spellcasting
   Level 3.1(3.0) Hexes
 - Level 8.0(7.8) Invocations
 - Level 9.0(8.8) Evocations


You had 21 spell levels left.
You didn't know any spells.

Dungeon Overview and Level Annotations

Branches:
Dungeon (15/15)            Temple (1/1) D:7            Lair (6/6) D:11
 Shoals (4/4) Lair:3        Snake (4/4) Lair:2        Slime (0/5) Lair:5
    Orc (2/2) D:11            Elf (0/3) Orc:2        Vaults (3/5) D:14
  Crypt (0/3) Vaults:2     Depths (0/5) D:15

Altars:
Ashenzari
Cheibriados
Dithmenos
Elyvilon
Fedhas
Gozag
Hepliaklqana
Kikubaaqudgha
Makhleb
Nemelex Xobeh
Okawaru
Qazlal
Ru
Sif Muna
Trog
Uskayaw
Vehumet
Xom
Yredelemnul
Zin
The Shining One
Beogh
Jiyva

Shops:
D:6 =   D:8 (   D:10 (=((*   D:13 *   D:14 ==*=   D:15 }   Orc:2 [:*(
Snake:3 ?   Vaults:2 *   Vaults:3 ?=?

Portals:
Trove: Vaults:1 (give 8 potions of agility)

Annotations:
D:4 Uhlv's ghost, amateur TrWr
Shoals:2 pUX: shafted here


Innate Abilities, Weirdness & Mutations

You have a pair of large horns on your head.
Your flesh is cold resistant. (rC+)
A powerful demonic guardian rushes to your aid.
You are robust. (+10% HP)
You are immune to freezing clouds.
Your movements are less encumbered by armour. (ER -4)


Message History

You headbutt the ironheart preserver.
The ironheart preserver is heavily wounded.
You are covered in liquid flames!
* * * LOW HITPOINT WARNING * * *
The ironheart preserver mumbles some strange words.
The ironheart preserver begins to accept its allies' injuries.
The ironheart preserver gestures wildly while chanting.
The ironheart preserver begins to accept its allies' injuries.
The vault warden hits you but does no damage.
Damage: 13 (max 40)
You hit the ironheart preserver. You burn the ironheart preserver.
The ironheart preserver is heavily wounded.
You are covered in liquid flames!
* * * LOW HITPOINT WARNING * * *
The freezing wraith barely misses you. The freezing wraith closely misses you.
Send 'em back where they came from!
Your cacodemon disappears in a puff of smoke!
The ironheart preserver completely misses you.
The ironheart preserver misses you.
You hit the ironheart preserver. You burn the ironheart preserver.
The ironheart preserver is heavily wounded.
You are covered in liquid flames!
* * * LOW HITPOINT WARNING * * *
The vault warden hits you with a dire flail of holy wrath!
* * * LOW HITPOINT WARNING * * *
You convulse!
* * * LOW HITPOINT WARNING * * *
The freezing wraith hits you but does no damage.
The freezing wraith completely misses you.
Unknown command.
Damage: 22 (max 40)
You bludgeon the ironheart preserver!! You burn the ironheart preserver.
You headbutt the ironheart preserver.
The ironheart preserver is severely wounded.
You are covered in liquid flames!
The deep elf mage completely misses you.
The ironheart preserver closely misses you.
Unknown command.
You sock the ironheart preserver! You burn the ironheart preserver.
You headbutt the ironheart preserver.
The ironheart preserver is almost dead.
You are covered in liquid flames!
* * * LOW HITPOINT WARNING * * *
The ironheart preserver hits you but does no damage.
The freezing wraith hits you but does no damage.
The freezing wraith completely misses you.
The vault warden hits you with a dire flail of holy wrath!!
* * * LOW HITPOINT WARNING * * *
You convulse!!
You die...

.. #. .... ..
######.#####.... #'###
..##..[....#.... ###...#
..##∩......#.... ##### .'...#
.. #.......'.... #...# #...
+###.......###'# #...#
#+###p..#.......(....
...######OOp@pp.#.O2....'....
##'##.m.O(2e#Wp.'.)((..(#((..
#...'..O#...###+#+#######.(..
#(.(#(..##### ... #c...
#...##### #.... #†)(. ###O##
#.... ##(## #.OO# #.... #(((.
###.O.### #.... #(..)
#...{...# #.... #c(..


You could see 4 ironheart preservers, a vault warden, a merfolk impaler, 2
two-headed ogres, a freezing wraith, a deep elf mage, 2 ogres and a friendly
reaper.

Vanquished Creatures
  Saint Roka (Orc:2)
  Margery (Vaults:3)
  Frederick (Vaults:3)
  A bone dragon (Vaults:2)
  Asterion (Vaults:2)
  Kirke (Lair:4)
  10 nagarajas
  A fire giant (Vaults:3)
  2 deep elf sorcerers (Vaults:1)
  The ghost of kuniqs the Fencer, an adept VSAr of Elyvilon (Shoals:3)
  An iron dragon (Vaults:2)
  Aizul (Snake:1)
  A frost giant (Vaults:2)
  8 vault wardens
  2 very ugly things (Vaults:3)
  4 ironheart preservers
  2 stone giants
  The ghost of Gruesome the Tortoise, a journeyman DsBe of Trog (Orc:2)
  2 entropy weavers (Vaults:1)
  A minotaur (Lab)
  Snorg (Orc:1)
  A fire dragon (D:15)
  A merfolk impaler (Shoals:3)
  2 great orbs of eyes
  7 yaktaur captains
  4 ice dragons
  2 rakshasas
  4 hydras
  11 naga warriors
  Erica (D:9)
  A merfolk avatar (Shoals:1)
  7 vault guards
  6 anacondas
  3 ghost crabs (Vaults:2)
  17 two-headed ogres
  2 dancing weapons (D:14)
  A deep troll shaman (Lair:6)
  8 centaur warriors
  5 ogre magi
  A merfolk aquamancer (Shoals:3)
  A satyr (Shoals:3)
  9 death yaks
  2 orc high priests (Orc:2)
  12 shock serpents
  4 hell knights (Vaults:3)
  3 deep elf knights
  Nergalle (Lair:3)
  21 naga sharpshooters
  2 shadow wraiths (Vaults:2)
  A fire crab (Vaults:2)
  5 salamander mystics
  A quicksilver dragon simulacrum (Vaults:2)
  14 sea snakes
  2 unseen horrors
  2 deep trolls (Vaults:2)
  5 naga ritualists
  Pikel (D:8)
  3 deep elf archers
  2 wizards (Vaults:2)
  A golden dragon skeleton (Vaults:2)
  15 ironbrand convokers
  3 lindwurms
  7 orc knights
  A necromancer (Vaults:3)
  3 wolf spiders
  13 harpies
  17 ugly things
  7 mana vipers
  12 fauns
  4 manticores
  9 deep elf magi
  5 orc sorcerers
  4 oklob plants (Lair:3)
  10 salamanders
  An iron dragon skeleton (Vaults:2)
  6 cyclopes
  Maurice (D:9)
  Joseph (D:9)
  4 elephants (Lair:6)
  A guardian serpent (shapeshifter) (Vaults:2)
  6 guardian serpents (Snake:4)
  34 black mambas
  9 merfolk sirens
  3 gargoyles
  19 naga magi
  A torpor snail (Lair:6)
  8 vault sentinels
  A water nymph (Shoals:3)
  2 molten gargoyles (Vaults:2)
  An ice statue (IceCv)
  12 spiny frogs
  A centaur skeleton (D:12)
  7 rime drakes
  4 kobold demonologists (D:11)
  29 yaktaurs
  A redback zombie (D:12)
  A komodo dragon (shapeshifter) (Vaults:1)
  An efreet (D:14)
  2 small abominations (Vaults:2)
  6 komodo dragons
  2 freezing wraiths
  2 tengu conjurers
  A jumping spider (Vaults:1)
  7 trolls
  A polar bear (shapeshifter) (D:15)
  4 wind drakes
  A troll (shapeshifter) (Vaults:3)
  16 merfolk
  A polar bear (Lair:5)
  2 meliai (D:13)
  Prince Ribbit (D:6)
  23 slime creatures
  2 hornets
  20 blink frogs
  6 snapping turtles
  5 dream sheep (Lair:5)
  13 hippogriffs
  2 shadows
  7 redbacks (Vaults:1)
  A tarantella (shapeshifter) (Vaults:1)
  6 water elementals
  3 air elementals (Vaults:2)
  A fire elemental (Vaults:2)
  A spriggan simulacrum (Vaults:2)
  A vampire (D:14)
  7 wyverns
  3 wraiths
  33 yaks
  11 basilisks
  A basilisk (shapeshifter) (Vaults:3)
  2 hungry ghosts (D:12)
  3 wargs
  An elf skeleton (Vaults:2)
  62 nagas
  2 soldier ants (D:9)
  3 acid dragons
  9 porcupines
  30 orc warriors
  14 water moccasins
  13 ice beasts
  2 black bears
  3 phantoms
  5 sky beasts
  2 eyes of draining
  19 ogres
  A necrophage (D:11)
  11 crocodiles
  12 wolves
  18 centaurs
  An elf simulacrum (Vaults:2)
  4 big kobolds
  Blork the orc (Orc:2)
  A wyvern zombie (D:14)
  18 bullfrogs
  2 earth elementals (Vaults:2)
  5 scorpions
  A water moccasin skeleton (D:7)
  A killer bee (D:14)
  6 wights
  5 electric eels
  A howler monkey (D:7)
  A lava snake (Vaults:2)
  A crimson imp (D:15)
  3 jellies
  4 centaur zombies
  A quasit (D:8)
  16 orc priests
  6 hounds
  7 iguanas
  5 bullfrog skeletons
  21 orc wizards
  4 worker ants
  4 lightning spires (Vaults:2)
  A hound zombie (D:6)
  2 hound skeletons
  9 adders
  A gnoll (D:5)
  4 shadow imps
  10 white imps (Lair:2)
  4 adder skeletons
  4 worms
  8 leopard geckos
  82 orcs
  8 ball pythons
  3 bats
  5 giant cockroaches
  10 goblins
  9 hobgoblins
  12 jackals
  3 quokkas
  4 frilled lizards
  17 kobolds
  9 rats
1212 creatures vanquished.

Vanquished Creatures (collateral kills)
  Xtahua (Vaults:2)
  Vashnia (Snake:4)
  Nikola (Shoals:1)
  2 nagarajas
  A vault warden (Vaults:2)
  3 ironheart preservers
  A deep elf death mage (Vaults:1)
  The ghost of Uhlv the Grappler, a journeyman TrWr of Okawaru (D:9)
  Fannar (D:11)
  2 vault guards
  2 naga warriors (Snake:4)
  Harold (Orc:1)
  A catoblepas (Lair:6)
  An anaconda (Snake:1)
  A merfolk aquamancer (Shoals:2)
  2 ogre magi
  5 two-headed ogres
  A deep troll shaman (Vaults:2)
  2 death yaks (Lair:6)
  A naga sharpshooter (Snake:2)
  A deep elf knight (Vaults:3)
  An unseen horror (D:11)
  A wizard (Vaults:2)
  3 harpies
  2 deep elf magi (Vaults:1)
  3 ugly things
  2 elephants (Lair:6)
  3 salamanders
  2 black mambas
  A guardian serpent (Snake:4)
  2 spiny frogs (Lair:1)
  An ice statue (IceCv)
  2 rime drakes (Lair:5)
  A komodo dragon (Lair:5)
  A meliai (D:14)
  A hornet (Vaults:1)
  4 blink frogs
  A hippogriff (Lair:5)
  A dream sheep (Lair:5)
  4 yaks
  2 basilisks
  A wyvern (Lair:5)
  Grum (D:8)
  A warg (Orc:2)
  7 nagas
  2 water moccasins
  A porcupine (Lair:1)
  3 orc warriors
  4 ice beasts
  A sky beast (D:5)
  2 black bears
  2 ogres
  A phantom (D:8)
  A centaur (D:5)
  A big kobold (D:11)
  3 bullfrogs
  2 wights (D:12)
  5 orc wizards
  A worker ant (D:5)
  A gnoll (D:5)
  2 white imps (Lair:2)
  6 orcs
  2 kobolds
120 creatures vanquished.

Vanquished Creatures (others)
  An ironheart preserver (Vaults:3)
  A yaktaur (Vaults:1)
  A fire elemental (Vaults:2)
  3 humans (Lair:4)
  An adder (D:8)
  A gnoll (D:5)
  A quokka (D:8)
  7 fungi
  11 plants
  10 tentacles (Shoals:2)
37 creatures vanquished.

Grand Total: 1369 creatures vanquished

Notes
Turn   | Place    | Note
-------+----------+-------------------------------------------
     0 | D:1      | Gorice the Demonspawn Arcane Marksman began the quest for the Orb.
     0 | D:1      | Reached XP level 1. HP: 15/15 MP: 2/2
   188 | D:1      | Reached skill level 2 in Throwing
   208 | D:1      | Gained mutation: Your flesh is cold resistant. (rC+) [demonic ancestry]
   208 | D:1      | Reached XP level 2. HP: 17/21 MP: 0/3
   755 | D:1      | Found a shattered altar of Ashenzari.
  1037 | D:1      | Gained mutation: A weak demonic guardian rushes to your aid. [demonic ancestry]
  1037 | D:1      | Reached XP level 3. HP: 23/27 MP: 4/4
  1344 | D:2      | Reached skill level 2 in Fighting
  2100 | D:3      | Reached skill level 3 in Throwing
  2100 | D:3      | Reached XP level 4. HP: 14/34 MP: 1/5
  2104 | D:3      | HP: 10/34 [orc (3)]
  2539 | D:3      | Reached skill level 3 in Fighting
  2555 | D:3      | Found a burning altar of Makhleb.
  2871 | D:3      | Gained mutation: Your movements are slightly less encumbered by armour. (ER -2) [demonic ancestry]
  2871 | D:3      | Reached XP level 5. HP: 39/41 MP: 3/6
  3104 | D:4      | Noticed Uhlv's ghost (amateur TrWr)
  3356 | D:4      | Reached skill level 4 in Throwing
  3487 | D:4      | Reached skill level 4 in Fighting
  3729 | D:4      | Reached XP level 6. HP: 48/48 MP: 7/7
  4434 | D:5      | Entered Level 5 of the Dungeon
  4777 | D:5      | Reached skill level 5 in Fighting
  5053 | D:5      | Reached skill level 5 in Throwing
  5053 | D:5      | Reached XP level 7. HP: 37/56 MP: 5/8
  5144 | D:5      | HP: 11/56 [centaur (8)]
  5146 | D:5      | HP: 2/56 [centaur/arrow (9)]
  5862 | D:6      | Reached skill level 6 in Fighting
  5969 | D:6      | Reached skill level 6 in Throwing
  5996 | D:6      | Reached XP level 8. HP: 32/65 MP: 7/9
  6212 | D:6      | Noticed Prince Ribbit
  6242 | D:6      | Killed Prince Ribbit
  6349 | D:6      | Found Wunoakie's Jewellery Boutique.
  6361 | D:6      | Got a heavily jewelled robe
  6395 | D:6      | Reached skill level 7 in Fighting
  6841 | D:6      | Reached skill level 7 in Throwing
  7115 | D:7      | Found a snail-covered altar of Cheibriados.
  7138 | D:7      | Found an ancient bone altar of Kikubaaqudgha.
  7140 | D:7      | Found a sacrificial altar of Ru.
  7353 | D:7      | Found a staircase to the Ecumenical Temple.
  7389 | Temple   | Entered the Ecumenical Temple
  7530 | Temple   | Became a worshipper of Warmaster Okawaru
  7648 | D:7      | Reached skill level 8 in Fighting
  8119 | D:8      | Gained mutation: You have a pair of small horns on your head. [demonic ancestry]
  8119 | D:8      | Reached XP level 9. HP: 74/74 MP: 10/10
  8128 | D:8      | Noticed Pikel
  8435 | D:8      | Reached skill level 8 in Throwing
  8527 | D:8      | Killed Pikel
  8527 | D:8      | Reached * piety under Okawaru
  8527 | D:8      | Reached skill level 2 in Maces & Flails
  8687 | D:8      | Reached skill level 3 in Maces & Flails
  8697 | D:8      | Reached skill level 9 in Fighting
  9003 | D:8      | Noticed a two-headed ogre
  9034 | D:8      | Killed a two-headed ogre
  9034 | D:8      | Reached ** piety under Okawaru
  9034 | D:8      | Reached skill level 5 in Maces & Flails
  9075 | D:8      | Noticed Grum
  9087 | D:8      | HP: 17/77 [Grum/spear (14)]
  9087 | D:8      | Killed Grum
  9555 | D:8      | Found Ymulov's Antique Weapon Shoppe.
  9605 | D:8      | Identified the +0 robe of the New World {rF+++ MR+ rCorr SInv} (You found it on level 6 of the Dungeon)
  9753 | D:9      | Noticed Maurice
  9768 | D:9      | Killed Maurice
  9768 | D:9      | Reached *** piety under Okawaru
  9768 | D:9      | Reached skill level 1 in Invocations
  9768 | D:9      | Gained mutation: You have a pair of horns on your head. [demonic ancestry]
  9768 | D:9      | Reached XP level 10. HP: 74/84 MP: 11/11
  9802 | D:9      | Reached skill level 6 in Maces & Flails
  9802 | D:9      | Reached skill level 2 in Invocations
 10058 | D:9      | Noticed Joseph
 10084 | D:9      | Reached skill level 10 in Fighting
 10111 | D:9      | Killed Joseph
 10122 | D:9      | Reached skill level 7 in Maces & Flails
 10256 | D:9      | Noticed Uhlv's ghost (journeyman TrWr)
 10305 | D:9      | Noticed Erica
 10306 | D:9      | Found a deep blue altar of Sif Muna.
 10481 | D:9      | Killed Erica
 10481 | D:9      | Reached **** piety under Okawaru
 10481 | D:9      | Reached skill level 1 in Armour
 10481 | D:9      | Reached skill level 2 in Dodging
 10552 | D:9      | Noticed a two-headed ogre
 10568 | D:9      | Killed a two-headed ogre
 10568 | D:9      | Reached ***** piety under Okawaru
 10884 | D:10     | Entered Level 10 of the Dungeon
 10909 | D:10     | Found Qeodasin's Assorted Antiques.
 10915 | D:10     | Bought a brightly glowing wooden ring for 125 gold pieces
 10915 | D:10     | Identified the ring "Horrueb" {rC+ AC+4 Int+4} (You bought it in a shop on level 10 of the Dungeon)
 10916 | D:10     | Bought a scroll of identify for 50 gold pieces
 11125 | D:10     | Reached skill level 2 in Armour
 11125 | D:10     | Reached skill level 3 in Dodging
 11164 | D:10     | Found Veghits's Jewellery Boutique.
 11336 | D:10     | Found Weutikluat's Weapon Shoppe.
 11354 | D:10     | Found Pios's Weapon Emporium.
 11360 | D:10     | Reached skill level 8 in Maces & Flails
 11459 | D:10     | Noticed a two-headed ogre
 11466 | D:10     | Killed a two-headed ogre
 11466 | D:10     | Received a gift from Okawaru
 11577 | D:10     | Found Ogyd's Antique Weapon Shop.
 11947 | D:11     | Gained mutation: A demonic guardian rushes to your aid. [demonic ancestry]
 11947 | D:11     | Reached XP level 11. HP: 59/90 MP: 8/12
 12016 | D:11     | Reached skill level 3 in Armour
 12035 | D:11     | Received a gift from Okawaru
 12067 | D:11     | Found a staircase to the Lair.
 12536 | D:11     | Reached skill level 4 in Dodging
 12568 | D:11     | Reached skill level 9 in Maces & Flails
 12791 | D:11     | Noticed Fannar
 12798 | D:11     | Killed Fannar
 12810 | D:11     | Noticed an unseen horror
 12814 | D:11     | Killed an unseen horror
 12825 | D:11     | Noticed a white ugly thing
 12841 | D:11     | Killed a white ugly thing
 12870 | D:11     | Received a gift from Okawaru
 12870 | D:11     | Reached skill level 4 in Armour
 12894 | D:11     | HP: 23/90 [acid (17)]
 13225 | D:11     | HP: 25/90 [acid (13)]
 13230 | D:11     | HP: 22/90 [wyvern (10)]
 13232 | D:11     | HP: 10/90 [wyvern (13)]
 13271 | D:11     | HP: 36/135 [wyvern (1)]
 13278 | D:11     | HP: 30/135 [wyvern (5)]
 13663 | D:11     | Noticed a brown ugly thing
 13708 | D:11     | HP: 22/90 [acid (7)]
 13711 | D:11     | Killed a brown ugly thing
 14265 | D:9      | HP: 19/90 [Uhlv's ghost (22)]
 14348 | D:6      | Bought an uncursed ring of resist corrosion for 260 gold pieces
 14789 | D:11     | Found a staircase to the Orcish Mines.
 15020 | D:11     | Reached skill level 5 in Dodging
 15380 | D:11     | Got a twisted leather armour
 15410 | Orc:1    | Entered Level 1 of the Orcish Mines
 15443 | Orc:1    | Noticed Harold
 15577 | Lair:1   | Entered Level 1 of the Lair of Beasts
 15771 | Lair:1   | Reached skill level 10 in Maces & Flails
 15921 | Lair:1   | Reached skill level 5 in Armour
 16439 | Lair:1   | Reached skill level 6 in Armour
 16540 | Lair:1   | Upgraded the game from 0.20-a0-433-g9e36e56 to 0.20-a0-435-gf4ea4dd
 16698 | Lair:2   | Gained mutation: You have a pair of large horns on your head. [demonic ancestry]
 16698 | Lair:2   | Reached XP level 12. HP: 97/97 MP: 13/13
 16705 | Lair:2   | Reached skill level 6 in Dodging
 16967 | Lair:2   | Found a frozen archway.
 16993 | IceCv    | Entered an ice cave
 17126 | IceCv    | Reached skill level 7 in Armour
 17165 | IceCv    | Received a gift from Okawaru
 17702 | IceCv    | Noticed an ice dragon
 17702 | IceCv    | Noticed an ice dragon
 17742 | IceCv    | Killed an ice dragon
 17742 | IceCv    | Received a gift from Okawaru
 17746 | IceCv    | HP: 29/97 [ice dragon/blast of cold (2)]
 18078 | IceCv    | Killed an ice dragon
 18078 | IceCv    | Reached skill level 3 in Invocations
 18315 | IceCv    | Got a smoking bronze amulet
 18318 | IceCv    | Identified the amulet "Yxteasm" {Harm *Drain Int+2 Dex+4} (You found it in an ice cave)
 18524 | D:10     | Bought the ring "Wuolluwe" {rF+ Slay+5} for 530 gold pieces
 18575 | D:9      | Killed Uhlv's ghost
 18575 | D:9      | Reached skill level 8 in Armour
 18628 | D:8      | Bought a dazzling battleaxe for 241 gold pieces
 18628 | D:8      | Identified the +8 battleaxe of Defence by Offence {chop, rF+ Int-2 SInv} (You bought it in a shop on level 8 of the Dungeon)
 18759 | D:11     | Reached skill level 1 in Axes
 18896 | Lair:2   | Reached skill level 4 in Invocations
 18917 | Lair:2   | Reached skill level 2 in Axes
 18977 | Lair:2   | Found a staircase to the Snake Pit.
 19097 | Lair:2   | Reached skill level 3 in Axes
 19446 | Lair:2   | Reached skill level 5 in Invocations
 19803 | Lair:3   | Found a staircase to the Shoals.
 19850 | Lair:3   | Reached skill level 4 in Axes
 20091 | Lair:3   | Noticed Nergalle
 20112 | Lair:3   | Killed Nergalle
 20228 | Lair:3   | Reached XP level 13. HP: 103/103 MP: 17/17
 20619 | Lair:4   | Noticed Kirke
 20795 | Lair:4   | Reached skill level 5 in Axes
 20838 | Lair:4   | Received a gift from Okawaru
 20839 | Lair:4   | Got a pitted great mace {god gift}
 20849 | Lair:4   | Reached skill level 6 in Invocations
 20863 | Lair:4   | Identified the +5 great mace of Heart {flame, rElec Str+2 Dex+3} (Okawaru gifted it to you on level 4 of the Lair of Beasts)
 20954 | Lair:4   | Reached skill level 9 in Armour
 21476 | Lair:4   | Killed Kirke
 21476 | Lair:4   | Reached skill level 11 in Maces & Flails
 22203 | Lair:5   | Reached skill level 7 in Invocations
 22324 | Lair:5   | Found a staircase to the Slime Pits.
 22325 | Lair:5   | Found a viscous altar of Jiyva.
 22376 | Lair:5   | Received a gift from Okawaru
 22398 | Lair:5   | Reached skill level 8 in Invocations
 23050 | Lair:5   | Received a gift from Okawaru
 23060 | Lair:5   | Reached skill level 12 in Maces & Flails
 23067 | Lair:5   | Received a gift from Okawaru
 23073 | Lair:5   | Reached ****** piety under Okawaru
 23093 | Lair:5   | Received a gift from Okawaru
 23414 | Lair:6   | Entered Level 6 of the Lair of Beasts
 23423 | Lair:6   | Reached skill level 10 in Armour
 23741 | Lair:6   | Received a gift from Okawaru
 23852 | Lair:6   | Reached XP level 14. HP: 77/110 MP: 20/20
 24424 | Lair:6   | Reached skill level 13 in Maces & Flails
 24534 | Lair:6   | Received a gift from Okawaru
 24821 | Lair:6   | Received a gift from Okawaru
 25228 | Lair:1   | Identified a scroll of acquirement
 25316 | Orc:1    | Killed Harold
 25319 | Orc:1    | Noticed Snorg
 25330 | Orc:1    | Killed Snorg
 25747 | Orc:2    | Entered Level 2 of the Orcish Mines
 26014 | Orc:2    | Reached skill level 11 in Armour
 26234 | Orc:2    | Noticed Gruesome's ghost (journeyman DsBe)
 26303 | Orc:2    | Killed Gruesome's ghost
 26303 | Orc:2    | Received a gift from Okawaru
 26304 | Orc:2    | Got a pair of smoking gloves {god gift}
 26322 | Orc:2    | Identified the +2 pair of gloves of the Spider Nest {rN+} (Okawaru gifted it to you on level 2 of the Orcish Mines)
 26426 | Orc:2    | Noticed Blork the orc
 26449 | Orc:2    | Reached skill level 14 in Maces & Flails
 26450 | Orc:2    | Killed Blork the orc
 26630 | Orc:2    | Paralysed by an orc sorcerer for 3 turns
 26797 | Orc:2    | Noticed Saint Roka
 26830 | Orc:2    | Killed Saint Roka
 26850 | Orc:2    | Found a roughly hewn altar of Beogh.
 26987 | Orc:2    | Found Kiol's Antique Armour Shop.
 26991 | Orc:2    | Found Evaxzax's Book Shop.
 27018 | Orc:2    | Found Kotixaof's General Store.
 27047 | Orc:2    | Found Kadwil's Antique Weapon Shop.
 27246 | Orc:2    | Found a staircase to the Elven Halls.
 27565 | D:12     | Found a labyrinth entrance.
 27574 | Lab      | Entered a labyrinth
 27731 | Lab      | Got an encrusted shortbow
 27835 | D:12     | Found a glowing silver altar of Zin.
 28657 | D:13     | Gained mutation: You are immune to freezing clouds. [demonic ancestry]
 28657 | D:13     | Reached XP level 15. HP: 97/115 MP: 16/21
 28786 | D:13     | Found a sacrificial altar of Ru.
 29265 | D:13     | Reached skill level 15 in Maces & Flails
 29392 | D:6      | Bought an uncursed amulet of faith for 520 gold pieces
 29509 | D:13     | Found Pitawae's Assorted Antiques.
 29522 | D:13     | Bought a scroll labeled IKEROUN YTZA for 37 gold pieces
 29522 | D:13     | Bought a scroll labeled DIALAUKH RAELO for 37 gold pieces
 29865 | D:13     | Got a scorched buckler
 29872 | D:13     | Identified the +0 buckler "Ruwneuco" {Regen+ Dex+5} (You acquired it on level 13 of the Dungeon)
 29903 | D:14     | Found Wifao's Jewellery Shop.
 29907 | D:14     | Found Ygaovam's General Store.
 29907 | D:14     | Found Esaivekk's Jewellery Shop.
 29910 | D:14     | Found Uwkocsuyr's Jewellery Shop.
 29915 | D:14     | Bought a cursed amulet of inaccuracy for 32 gold pieces
 30316 | D:14     | Reached skill level 1 in Evocations
 30352 | D:14     | Found a gate to the Vaults.
 30363 | D:14     | Reached skill level 12 in Armour
 30414 | D:14     | Reached skill level 2 in Evocations
 30642 | D:15     | Entered Level 15 of the Dungeon
 30764 | D:15     | Found Edonil's Quality Used Wands.
 30812 | D:15     | Found a staircase to the Depths.
 30846 | D:15     | Received a gift from Okawaru
 30847 | D:15     | Got a pair of crude boots {god gift}
 30863 | D:15     | Identified the +0 pair of boots of the Spheres {Dex+3} (Okawaru gifted it to you on level 15 of the Dungeon)
 30921 | D:15     | Reached skill level 3 in Evocations
 30958 | D:15     | Found a basalt altar of Yredelemnul.
 31749 | D:15     | Reached skill level 4 in Evocations
 32293 | Snake:1  | Entered Level 1 of the Snake Pit
 32738 | Snake:1  | Reached skill level 5 in Evocations
 32920 | Snake:1  | HP: 22/115 [naga ritualist/lance of force (18)]
 32925 | Snake:1  | HP: 21/115 [poisoned by a naga ritualist (toxic radiance)]
 33318 | Snake:1  | Reached skill level 13 in Armour
 33614 | Snake:2  | Received a gift from Okawaru
 33840 | Snake:2  | Noticed Aizul
 34093 | Snake:1  | Killed Aizul
 34093 | Snake:1  | Reached skill level 7 in Dodging
 34320 | Snake:2  | Reached skill level 6 in Evocations
 34625 | Snake:2  | Reached skill level 8 in Dodging
 34695 | Snake:2  | Noticed a nagaraja
 34716 | Snake:2  | Killed a nagaraja
 34724 | Snake:2  | HP: 32/115 [salamander/halberd of freezing (6)]
 35296 | Snake:3  | Reached XP level 16. HP: 121/122 MP: 22/22
 35299 | Snake:3  | Reached skill level 7 in Evocations
 35404 | Snake:3  | Received a gift from Okawaru
 35477 | Snake:3  | Reached skill level 9 in Dodging
 35750 | Snake:3  | Found Nisyigg's Magic Scroll Shoppe.
 36166 | Snake:3  | Received a gift from Okawaru
 36494 | Lair:2   | Received a gift from Okawaru
 36495 | Lair:2   | Got a pair of brightly glowing boots {god gift}
 36506 | Lair:2   | Identified the +2 pair of boots "Keagge" {rC+ MR- Dex+3 Stlth+} (Okawaru gifted it to you on level 2 of the Lair of Beasts)
 36676 | Snake:4  | Entered Level 4 of the Snake Pit
 36905 | Snake:4  | Reached skill level 8 in Evocations
 37084 | Snake:4  | Reached skill level 10 in Dodging
 37111 | Snake:4  | HP: 30/122 [naga sharpshooter/arrow (8)]
 37119 | Snake:4  | HP: 18/122 [naga sharpshooter/arrow (19)]
 37131 | Snake:4  | HP: 30/122 [naga sharpshooter/arrow (19)]
 38678 | Snake:3  | HP: 22/122 [naga sharpshooter/bolt (17)]
 38684 | Snake:3  | HP: 22/122 [poisoned by a naga sharpshooter (splash of poison)]
 38692 | Snake:3  | HP: 22/122 [poisoned by a naga sharpshooter (splash of poison)]
 39187 | Snake:4  | Reached skill level 11 in Dodging
 39245 | Snake:4  | Reached skill level 9 in Evocations
 39356 | Snake:4  | Received a gift from Okawaru
 39701 | Snake:4  | HP: 29/123 [anaconda (10)]
 39735 | Snake:4  | HP: 27/123 [naga sharpshooter/arrow (17)]
 39740 | Snake:4  | HP: 21/123 [naga sharpshooter/arrow (8)]
 40266 | Shoals:1 | Entered Level 1 of the Shoals
 40652 | Shoals:1 | Received a gift from Okawaru
 40653 | Shoals:1 | Got a slimy shield {god gift}
 41120 | Shoals:1 | Noticed Nikola
 41131 | Shoals:1 | Killed Nikola
 41131 | Shoals:1 | Reached skill level 12 in Dodging
 41182 | Shoals:1 | Reached skill level 11 in Fighting
 41190 | Shoals:1 | You are sucked into a shaft!
 41197 | Shoals:2 | Gained mutation: Your movements are less encumbered by armour. (ER -4) [demonic ancestry]
 41197 | Shoals:2 | Reached XP level 17. HP: 101/131 MP: 20/23
 41920 | Shoals:2 | Noticed a kraken
 41927 | Shoals:2 | Noticed a kraken
 42286 | Shoals:1 | HP: 39/131 [poisoned by a sea snake]
 42291 | Shoals:1 | HP: 33/131 [poisoned by a sea snake]
 42296 | Shoals:1 | HP: 30/131 [poisoned by a sea snake]
 42301 | Shoals:1 | HP: 27/131 [poisoned by a sea snake]
 42306 | Shoals:1 | HP: 26/131 [poisoned by a sea snake]
 42311 | Shoals:1 | HP: 25/131 [poisoned by a sea snake]
 42318 | Shoals:1 | HP: 25/131 [poisoned by a sea snake]
 42326 | Shoals:1 | HP: 26/131 [poisoned by a sea snake]
 42837 | Shoals:1 | Identified the +2 shield of Kenuic {*Slow rCorr Int+4 SInv} (Okawaru gifted it to you on level 1 of the Shoals)
 43397 | Snake:4  | Received a gift from Okawaru
 43398 | Snake:4  | Reached skill level 9 in Throwing
 43439 | Snake:4  | Reached skill level 12 in Fighting
 43502 | Snake:4  | Received a gift from Okawaru
 43624 | Snake:4  | Received a gift from Okawaru
 43760 | Snake:4  | Received a gift from Okawaru
 44074 | Snake:4  | Received a gift from Okawaru
 44468 | Snake:4  | Received a gift from Okawaru
 44621 | Snake:4  | Noticed Vashnia
 44921 | Snake:4  | Reached skill level 10 in Throwing
 45344 | Snake:4  | Reached skill level 13 in Fighting
 45749 | Snake:4  | Killed Vashnia
 45931 | Snake:4  | Got a serpentine rune of Zot
 46091 | Lair:3   | Got a translucent diamond amulet
 46110 | Lair:3   | Identified the amulet "Anaumolyi" {+Rage Dex+3} (You found it on level 3 of the Lair of Beasts)
 46403 | Vaults:1 | Entered Level 1 of the Vaults
 46975 | Vaults:1 | Received a gift from Okawaru
 46987 | Vaults:1 | HP: 35/137 [cyclops (21)]
 46992 | Vaults:1 | Received a gift from Okawaru
 46992 | Vaults:1 | HP: 22/137 [yaktaur captain/bolt (13)]
 47361 | D:14     | Gained mutation: You are robust. (+10% HP) [demonic ancestry]
 47361 | D:14     | Reached XP level 18. HP: 116/158 MP: 24/24
 47549 | D:14     | HP: 43/158 [vault warden/great sword of slicing (16)]
 47554 | D:14     | HP: 15/158 [vault warden/great sword of slicing (14)]
 47560 | D:14     | HP: 11/158 [vault warden/great sword of slicing (13)]
 47563 | D:14     | Received a gift from Okawaru
 48204 | Vaults:1 | Found a portal to a secret trove of treasure.
 48307 | Vaults:1 | Received a gift from Okawaru
 48336 | Vaults:1 | Reached skill level 14 in Fighting
 48951 | Vaults:1 | Received a gift from Okawaru
 50441 | Shoals:3 | Received a gift from Okawaru
 50693 | Shoals:3 | Noticed kuniqs's ghost (adept VSAr)
 50715 | Shoals:3 | Killed kuniqs's ghost
 50715 | Shoals:3 | Received a gift from Okawaru
 50782 | Shoals:3 | Identified Vecw's Catalogue of Snow and the Arsonist
 51542 | Shoals:3 | Reached skill level 15 in Fighting
 51834 | Shoals:4 | Entered Level 4 of the Shoals
 52616 | Vaults:2 | Found a staircase to the Crypt.
 52655 | Vaults:2 | Noticed Xtahua
 52672 | Vaults:2 | Paralysed by Xtahua for 7 turns
 52673 | Vaults:2 | Killed Xtahua
 52673 | Vaults:2 | Reached skill level 14 in Armour
 53122 | Vaults:2 | Received a gift from Okawaru
 53377 | Vaults:2 | Received a gift from Okawaru
 53378 | Vaults:2 | Noticed a bone dragon
 53434 | Vaults:2 | Killed a bone dragon
 53797 | Vaults:2 | Received a gift from Okawaru
 53838 | Vaults:2 | Gained mutation: A powerful demonic guardian rushes to your aid. [demonic ancestry]
 53838 | Vaults:2 | Reached XP level 19. HP: 85/170 MP: 25/25
 53856 | Vaults:2 | Received a gift from Okawaru
 53863 | Vaults:2 | Reached skill level 15 in Armour
 53970 | Vaults:1 | HP: 50/170 [freezing wraith (3)]
 53978 | Vaults:1 | HP: 41/170 [freezing wraith (4)]
 54174 | Vaults:1 | Got a twisted dagger {freeze}
 54859 | Vaults:2 | Received a gift from Okawaru
 54979 | Vaults:2 | Identified the Tome of the Volcanoes
 55407 | Vaults:2 | Reached skill level 16 in Armour
 55469 | Vaults:2 | Identified the Almanac of Darkness
 55485 | Vaults:2 | Upgraded the game from 0.20-a0-435-gf4ea4dd to 0.20-a0-443-g0464b71
 55518 | Vaults:2 | Identified the Catalogue of the Mountains
 55949 | Vaults:2 | Identified the Incunabulum of Weightlessness
 56264 | Vaults:2 | Noticed Asterion
 56287 | Vaults:2 | Killed Asterion
 56310 | Vaults:2 | Identified the +7 dagger "Raaran" {freeze, Str+4 Int-3 Dex+9 Stlth+} (You took it off an entropy weaver on level 1 of the Vaults)
 56332 | Vaults:2 | Found Widwat's Assorted Antiques.
 56335 | Vaults:2 | Bought a twisted peridot ring for 170 gold pieces
 56464 | Vaults:2 | Received a gift from Okawaru
 56534 | Vaults:2 | Reached skill level 13 in Dodging
 57908 | Vaults:3 | Noticed Frederick
 57918 | Vaults:3 | Noticed Margery
 57933 | Vaults:3 | Killed Margery
 57933 | Vaults:3 | Reached skill level 14 in Dodging
 57948 | Vaults:3 | Killed Frederick
 58051 | Vaults:3 | HP: 33/170 [rakshasa (illusionary)/orb of energy (31)]
 58060 | Vaults:3 | HP: 25/170 [rakshasa (illusionary)/trident (9)]
 58063 | Vaults:3 | Found Lipixood's Magic Scroll Emporium.
 58526 | Vaults:3 | Found Wuill's Jewellery Emporium.
 58581 | Vaults:3 | HP: 49/170 [yaktaur captain/bolt (31)]
 58585 | Vaults:3 | HP: 23/170 [yaktaur captain (15)]
 58586 | Vaults:3 | HP: 5/170 [yaktaur captain/bolt (18)]
 58591 | Vaults:3 | HP: 32/170 [yaktaur captain/bolt (1)]
 58596 | Vaults:3 | HP: 25/170 [yaktaur captain/bolt (9)]
 58603 | Vaults:3 | Was placed under penance by Okawaru
 58606 | Vaults:3 | HP: 22/170 [vault warden/battleaxe (35)]
 59163 | Vaults:3 | Found Ineaha's Magic Scroll Shop.
 59441 | Vaults:3 | Reached XP level 20. HP: 73/178 MP: 26/26
 59860 | Vaults:3 | Reached skill level 15 in Dodging
 60057 | Vaults:3 | HP: 48/178 [vault warden/dire flail of holy wrath (11)]
 60059 | Vaults:3 | HP: 17/178 [vault warden/dire flail of holy wrath (22)]
 60059 | Vaults:3 | Mangled by a vault warden

Vault maps used:
D:1:      lemuel_arrival_lava_pool, nicolae_ashenzari_panopticon
D:3:      lemuel_round_altar, first_bread
D:4:      kennysheep_generic_room_8
D:5:      hangedman_abyss_or_decor_lesser_grid
D:6:      serial_shops, shop, serial_glass, glass_columns_a, glass_columns_b,
          item_on_display_a, uniq_prince_ribbit1
D:7:      grunt_temple_overflow_open
D:8:      serial_shops, nicolae_shop_trees, uniq_pikel, uniq_grum
D:9:      lemuel_doored_altar, hangedman_pestilent_swarm, st_stairs_10,
          hangedman_abyss_or_decor_clamps, nicolae_underground_beach,
          uniq_erica, uniq_joseph, uniq_maurice
D:10:     serial_shops, shop, shop, nicolae_shop_crystal, shop, shop_fountains
D:11:     erik_lair_dragon, orc_0_dummy, solitary_fountain, uniq_fannar
D:12:     lab_entry_generic, basic_altar, glass_columns_b
D:13:     serial_shops, shop, basic_altar
D:14:     erik_vaults_1, serial_corexii_hall, corexii_hall_statues_i,
          corexii_hall_statues_l, minmay_shop_grid_forest
D:15:     grunt_enter_depths_hoard, basic_altar, dk_noncrumbling_3,
          nicolae_for_you_no_charge
Temple:   nicolae_temple_elliptical
Lair:1:   grunt_megastairs_1
Lair:2:   dummy_snake_entry, portal_ice_cave_entry_imps,
          nicolae_volcano_entry_hallway
Lair:3:   minmay_shoals_entry_lonely_mermaid, minmay_lair_oklob_chamber,
          serial_bayou_shore_b, uniq_nergalle
Lair:4:   serial_bayou_shore_b, grunt_megastairs_4, serial_bayou_shore_b,
          uniq_kirke
Lair:5:   slime_altar_1, serial_bayou, serial_bayou_pond_a, serial_bayou_pond_d,
          serial_bayou_shore_b, serial_bayou_lake_a, special_room,
          serial_bayou_shore_a
Lair:6:   grunt_lair_end_beastmaster
Shoals:1: uniq_nikola
Shoals:3: cheibrodos_shoals_oceanic_diplomacy
Shoals:4: shoals_end_grunt_ice, shoals_ilsuiw_ice
Snake:1:  st_stairs_8
Snake:2:  grunt_megastairs_2, uniq_aizul
Snake:3:  serial_shops, shop_scrolls, guppyfry_snake_island
Snake:4:  johnstein_snake_rune_scales, stair_cage_cross
Orc:1:    uniq_harold, uniq_snorg
Orc:2:    grunt_orc_cross
Vaults:1: grunt_vaults_diagonal, vaults_room_semicircle,
          nicolae_vaults_what_the_h, nicolae_vaults_sealed_display,
          nicolae_vaults_windows_and_doors_thing, enter_trove_3
Vaults:2: vaults_standard_mumra_lines, ontoclasm_vaults_misaligned,
          vaults_dpeg_doors, nicolae_vaults_little_squares_4,
          vaults_mumra_chevron_long, hangedman_vaults_trim, dummy_crypt_entry,
          serial_hangedman_research, hangedman_research_electronics,
          hangedman_research_geology, hangedman_research_thanatology,
          hangedman_research_pyrotechnics, serial_shops,
          nicolae_shop_window_shopping, uniq_xtahua, uniq_asterion
Vaults:3: nicolae_vaults_lopsided_apartments, hangedman_vaults_restitches,
          nicolae_vaults_twisting_passages, vaults_room_pools,
          ontoclasm_vaults_pinch, ontoclasm_vaults_twist, v_pattern_2,
          vaults_dpeg_hooks, serial_shops, nicolae_shop_behind_doors, shop,
          shop_statue, shop, nicolae_shop_trees, uniq_frederick, uniq_margery
Lab:      labyrinth_mini_lab
IceCv:    ice_cave_small_dragons

Skill      XL: |  1  2  3  4  5  6  7  8  9 10 11 12 13 14 15 16 17 18 19 20 |
---------------+-------------------------------------------------------------+-----
Throwing       | 2 3 4 5 6 7 8 10 | 10.6
Fighting       | 2 3 4 5 6 8 9 10 11 13 15 | 15.0
Maces & Flails | 5 8 10 12 14 15 | 15.9
Invocations    | 1 2 5 8 |  8.0
Armour         | 2 6 8 10 11 13 14 16 | 16.0
Dodging        | 3 5 6 8 12 14 15 | 15.0
Axes           | 4 5 |  5.1
Evocations     | 6 9 |  9.0
Spellcasting   | |  1.0
Hexes          | |  3.1

Action                   |  1- 3 |  4- 6 |  7- 9 | 10-12 | 13-15 | 16-18 | 19-21 || total
-------------------------+-------+-------+-------+-------+-------+-------+-------++-------
Melee: Dagger            |    39 |       |       |       |       |       |       ||    39
       Whip              |    92 |   180 |   250 |   484 |       |       |       ||  1006
       Headbutt          |       |       |    20 |   150 |   205 |   304 |   181 ||   860
       Flail             |       |       |     8 |   259 |    50 |       |       ||   317
       Punch             |       |       |       |     2 |       |       |       ||     2
       Morningstar       |       |       |       |    37 |       |       |       ||    37
       Great mace        |       |       |       |       |   866 |  1207 |   578 ||  2651
 Fire: Blowgun           |       |    27 |    20 |    23 |       |     3 |       ||    73
Throw: Javelin           |     6 |       |    14 |    42 |     5 |     3 |    76 ||   146
       Stone             |    35 |    16 |       |       |       |       |       ||    51
       Throwing net      |     1 |       |       |     1 |     1 |       |     1 ||     4
       Tomahawk          |       |     4 |    43 |   186 |   116 |   282 |     2 ||   633
 Cast: Corona            |    41 |    31 |    53 |    12 |     1 |       |       ||   138
Invok: Heroism           |       |       |     1 |    15 |    12 |    31 |     8 ||    67
       Finesse           |       |       |       |     3 |     4 |     4 |     2 ||    13
Evoke: Wand              |       |       |     2 |     9 |       |     4 |       ||    15
  Use: Scroll            |     4 |     9 |     6 |    11 |    13 |     7 |    10 ||    60
       Potion            |       |     1 |     1 |     8 |     1 |     9 |     8 ||    28
 Stab: Distracted        |       |       |     2 |     5 |     3 |     4 |     2 ||    16
       Confused          |       |       |     1 |       |       |       |       ||     1
       Petrified         |       |       |       |       |     3 |       |       ||     3
       Invisible         |       |       |       |       |       |     2 |       ||     2
       Sleeping          |       |       |       |       |       |     2 |     1 ||     3
  Eat: Chunk             |     5 |     6 |    16 |    21 |    40 |    30 |    17 ||   135
       Meat ration       |       |     1 |       |     1 |       |     1 |       ||     3
       Pizza             |       |       |       |     3 |       |     1 |     1 ||     5
       Royal jelly       |       |       |       |     2 |       |     2 |     1 ||     5
       Bread ration      |       |       |       |       |     2 |     4 |       ||     6
       Beef jerky        |       |       |       |       |     1 |       |       ||     1
Armor: Robe              |    20 |     3 |       |       |       |       |       ||    23
       Ring mail         |       |    57 |   111 |    91 |       |       |       ||   259
       Plate armour      |       |       |       |   222 |   211 |       |       ||   433
       Skin              |       |       |       |     9 |       |       |       ||     9
       Chain mail        |       |       |       |       |   319 |   255 |       ||   574
       Shadow dragon sca |       |       |       |       |       |   345 |   287 ||   632
Dodge: Dodged            |   100 |   126 |   156 |   269 |   529 |   776 |   465 ||  2421

Table legend:
 A = Turns spent in this place as a percentage of turns spent in the entire game.
 B = Non-inter-level travel turns spent in this place as a percentage of non-inter-level travel turns spent in the entire game.
 C = Inter-level travel turns spent in this place as a percentage of turns spent in this place.
 D = Turns resting spent in this place as a percentage of non-inter-level travel turns spent in this place.
 E = Turns spent auto-exploring this place as a percentage of non-inter-level travel turns spent in this place.
 F = Non-inter-level travel turns spent in this place divided by the number of levels of this place that you've seen.
                   A       B       C       D       E      F
               +-------+-------+-------+-------+-------+----------------------
         Total | 100.0 | 100.0 |   0.6 |   4.4 |   3.5 | 561.1
       Dungeon |  31.6 |  31.5 |   0.9 |   3.4 |   5.0 | 436.2
        Temple |   0.2 |   0.2 |   4.7 |   0.0 |  41.5 |  41.0
          Lair |  14.0 |  13.9 |   1.3 |   2.8 |   5.2 | 479.5
        Shoals |   7.8 |   7.8 |   0.3 |   5.6 |   3.0 | 404.8
     Snake Pit |  17.2 |  17.2 |   0.4 |   8.4 |   3.1 | 892.5
  Orcish Mines |   4.8 |   4.8 |   0.3 |   4.4 |   1.5 | 495.0
        Vaults |  21.0 |  21.0 |   0.2 |   3.9 |   1.5 | 1456.7
     Labyrinth |   0.7 |   0.7 |   0.0 |   0.0 |   0.0 | 148.0
      Ice Cave |   2.9 |   2.9 |   0.0 |   3.0 |   0.3 | 604.0
               +-------+-------+-------+-------+-------+----------------------

Vault maps used:
D:1:      lemuel_arrival_lava_pool, nicolae_ashenzari_panopticon
D:3:      lemuel_round_altar, first_bread
D:4:      kennysheep_generic_room_8
D:5:      hangedman_abyss_or_decor_lesser_grid
D:6:      serial_shops, shop, serial_glass, glass_columns_a, glass_columns_b,
          item_on_display_a, uniq_prince_ribbit1
D:7:      grunt_temple_overflow_open
D:8:      serial_shops, nicolae_shop_trees, uniq_pikel, uniq_grum
D:9:      lemuel_doored_altar, hangedman_pestilent_swarm, st_stairs_10,
          hangedman_abyss_or_decor_clamps, nicolae_underground_beach,
          uniq_erica, uniq_joseph, uniq_maurice
D:10:     serial_shops, shop, shop, nicolae_shop_crystal, shop, shop_fountains
D:11:     erik_lair_dragon, orc_0_dummy, solitary_fountain, uniq_fannar
D:12:     lab_entry_generic, basic_altar, glass_columns_b
D:13:     serial_shops, shop, basic_altar
D:14:     erik_vaults_1, serial_corexii_hall, corexii_hall_statues_i,
          corexii_hall_statues_l, minmay_shop_grid_forest
D:15:     grunt_enter_depths_hoard, basic_altar, dk_noncrumbling_3,
          nicolae_for_you_no_charge
Temple:   nicolae_temple_elliptical
Lair:1:   grunt_megastairs_1
Lair:2:   dummy_snake_entry, portal_ice_cave_entry_imps,
          nicolae_volcano_entry_hallway
Lair:3:   minmay_shoals_entry_lonely_mermaid, minmay_lair_oklob_chamber,
          serial_bayou_shore_b, uniq_nergalle
Lair:4:   serial_bayou_shore_b, grunt_megastairs_4, serial_bayou_shore_b,
          uniq_kirke
Lair:5:   slime_altar_1, serial_bayou, serial_bayou_pond_a, serial_bayou_pond_d,
          serial_bayou_shore_b, serial_bayou_lake_a, special_room,
          serial_bayou_shore_a
Lair:6:   grunt_lair_end_beastmaster
Shoals:1: uniq_nikola
Shoals:3: cheibrodos_shoals_oceanic_diplomacy
Shoals:4: shoals_end_grunt_ice, shoals_ilsuiw_ice
Snake:1:  st_stairs_8
Snake:2:  grunt_megastairs_2, uniq_aizul
Snake:3:  serial_shops, shop_scrolls, guppyfry_snake_island
Snake:4:  johnstein_snake_rune_scales, stair_cage_cross
Orc:1:    uniq_harold, uniq_snorg
Orc:2:    grunt_orc_cross
Vaults:1: grunt_vaults_diagonal, vaults_room_semicircle,
          nicolae_vaults_what_the_h, nicolae_vaults_sealed_display,
          nicolae_vaults_windows_and_doors_thing, enter_trove_3
Vaults:2: vaults_standard_mumra_lines, ontoclasm_vaults_misaligned,
          vaults_dpeg_doors, nicolae_vaults_little_squares_4,
          vaults_mumra_chevron_long, hangedman_vaults_trim, dummy_crypt_entry,
          serial_hangedman_research, hangedman_research_electronics,
          hangedman_research_geology, hangedman_research_thanatology,
          hangedman_research_pyrotechnics, serial_shops,
          nicolae_shop_window_shopping, uniq_xtahua, uniq_asterion
Vaults:3: nicolae_vaults_lopsided_apartments, hangedman_vaults_restitches,
          nicolae_vaults_twisting_passages, vaults_room_pools,
          ontoclasm_vaults_pinch, ontoclasm_vaults_twist, v_pattern_2,
          vaults_dpeg_hooks, serial_shops, nicolae_shop_behind_doors, shop,
          shop_statue, shop, nicolae_shop_trees, uniq_frederick, uniq_margery
Lab:      labyrinth_mini_lab
IceCv:    ice_cave_small_dragons
